[Event "Early-Titled-Tuesday-Blitz-January-30-2024"]
[Site "Chess.com"]
[Date "2024.01.30"]
[Round "6"]
[White "ansko1999"]
[Black "yobdc"]
[Result "0-1"]
[WhiteElo "2687"]
[BlackElo "2569"]
[TimeControl "180+1"]
[EndTime "9:08:53 PST"]
[Termination "yobdc won on time"]

1. e4 c5 2. Nf3 Nf6 3. Nc3 d5 4.
exd5 Nxd5 5. Bb5+ Bd7 6. Bc4 Nb6 7. Be2 Nc6 8. d4 cxd4 9. Nxd4 g6 10. Bf3 Bg7 11. Nxc6 Bxc6 12. Bxc6+ bxc6 13. Qf3 Nd5 14. Ne4 Rb8 15. O-O O-O 16. Rd1 Qc7 17. c4 Nb4 18. Qe2 Rfd8 19. Be3 Rxd1+ 20. Qxd1 Bxb2 21. Rb1 Be5 22. Qa4 a5 23. Nc5 Bxh2+ 24. Kh1 Rd8 25. a3 Nd3 26.
Rb7 Nxc5 27. Rxc7 Nxa4 28. Rxc6 Bd6 29. Ra6 Rc8 30. Rxa5 Rxc4 31. g3 f5 32. Bh6 Kf7 33. Ra8 Nc5 34. Rh8 Ra4 35. Rxh7+ Ke6 36. Bc1 Nd3 37.
Be3 Rxa3 38. Rg7 Ra2 39. Rxg6+ Kf7 40. Rg5 e6 41. Kg2 Bc5 42. Bxc5 Nxc5 43. g4 Rxf2+ 44.
Kxf2 Ne4+ 45. Ke3 Nxg5 0-1

[Event "Early-Titled-Tuesday-Blitz-January-30-2024"]
[Site "Chess.com"]
[Date "2024.01.30"]
[Round "6"]
[White "GiorgianBarbosa"]
[Black "shirovin"]
[Result "1-0"]
[WhiteElo "2486"]
[BlackElo "2051"]
[TimeControl "180+1"]
[EndTime "9:08:53 PST"]
[Termination "GiorgianBarbosa won on time"]

1. e4 c5 2. Nf3 e6 3. b3 b6 4. Bb2 Bb7 5. e5 Ne7 6. Na3 Ng6 7. Nc4 Be7 8. a4 Qc7 9. g3 Nc6 10. Bg2 O-O 11. O-O a6 12. h4 b5 13. Ne3 Rab8 14.
axb5 axb5 15. h5 Ngxe5 16. Nxe5 Nxe5 17. Ra7 d5 18. h6 Bf6 19. hxg7 Bxg7 20. Ng4 Nxg4 21.
Qxg4 d4 22. c3 e5 23. cxd4 exd4 24. b4 Qb6 25. Rxb7 Rxb7 26. bxc5 Qa6 27. Bxb7 Qxb7 28.
Bxd4 f5 29. Qxg7+ Qxg7 30. Bxg7 Kxg7 31. d4 Rd8 32. Rd1 b4 33. d5 b3 34. d6 b2 35.
Rb1 Rc8 36. d7 Ra8 37. Rxb2 Ra1+ 38. Kg2 Rd1 39. c6 Kf7 40. c7 Rxd7 41. c8=Q 1-0

[Event "Early-Titled-Tuesday-Blitz-January-30-2024"]
[Site "Chess.com"]
[Date "2024.01.30"]
[Round "6"]
[White "arnash_bauyrzhan"]
[Black "Shuvalov"]
[Result "0-1"]
[WhiteElo "2220"]
[BlackElo "2470"]
[TimeControl "180+1"]
[EndTime "9:08:54 PST"]
[Termination "Shuvalov won on time"]

1. e4 e6 2. d4 d5 3. Nd2 c5 4. Ngf3 Nc6 5. exd5 exd5 6. Bb5 Qe7+ 7. Qe2 Qxe2+ 8.
Kxe2 a6 9. Bxc6+ bxc6 10. dxc5 Bxc5 11. Nb3 Bd6 12. Be3 Nf6 13. Bc5 Kd7 14. Bxd6 Kxd6 15. Rhe1 a5 16. Kf1 a4 17. Nbd2 c5 18. Ne5 Be6 19. Rad1 Rhb8 20. h3 Kc7 21. b3 axb3 22. Nxb3 c4 23. Nc1 Rb2 24. Re2 Ne4 25. Nxc4 Rb4 26. Ne3 Nc3 27. Red2 Nxd1 28. Rxd1 Ra5 29. c3 Rb2 30. f4 f6 31. f5 Bf7 32. Re1 Kd6 33. Nd3 Rd2 34. Nb4 Ra3 35. Rd1 Rxd1+ 36. Nxd1 Kc5 37. Nd3+ Kb6 38. Nb4 Kb5 39. Nd3 Rxa2 40.
Ne3 d4 41. cxd4 Ra3 0-1

[Event "Early-Titled-Tuesday-Blitz-January-30-2024"]
[Site "Chess.com"]
[Date "2024.01.30"]
[Round "6"]
[White "viktorskliarov"]
[Black "KVAIDAN"]
[Result "0-1"]
[WhiteElo "2657"]
[BlackElo "2380"]
[TimeControl "180+1"]
[EndTime "9:08:55 PST"]
[Termination "KVAIDAN won by resignation"]

1. e4 e5 2. Nc3 Nf6 3. Bc4 c6 4. Nf3 b5 5. Bb3 b4 6. Ne2 d6 7. d4 Nxe4 8. dxe5 d5 9. Ng3 Nxg3 10. hxg3 Bg4 11. Qd4 Qd7 12. Bd2 Na6 13. Nh2 Be6 14. c3 Bc5 15. Qf4 bxc3 16. bxc3 Nc7 17. Nf3 Nb5 18.
Bc2 h6 19. g4 Bxg4 20. Nd4 Nxd4 21. cxd4 Be7 22. f3 Be6 23. Qg3 Bf8 24. O-O h5 25.
Bg5 c5 26. dxc5 Bxc5+ 27. Kh2 h4 28. Qf4 Rc8 29. Rad1 Be7 30. Bb3 Bxg5 31. Qxg5 Kf8 32. Rc1 Qe7 33. Qf4 Rd8 34. Rc3 Rh6 35. Rd1 Rg6 36. Rcd3 Qb7 37. Qxh4 Rh6 38. Qxh6 gxh6 39. Rd4 Qc7 40. f4 Qc3 41. R1d3 Qc1 42. Rd1 Qe3 43. R1d3 Qf2 44. Rd2 Qh4+ 45. Kg1 Rc8 46. Rd1 Rc3 47. f5 Qg5 48. fxe6 fxe6 49. Rf1+ Ke7 50.
Rdf4 Rc1 51. Rf7+ Kd8 52. Rf8+ Kc7 53. Rf7+ Kb6 54. Rxc1 Qxc1+ 55. Kh2 Qg5 56. Kh1 Qxe5 57. Re7 a5 58. Ba4 Qe1+ 59. Kh2 Qh4+ 60. Kg1 Qxe7 0-1

[Event "Early-Titled-Tuesday-Blitz-January-30-2024"]
[Site "Chess.com"]
[Date "2024.01.30"]
[Round "6"]
[White "YurasovMat-2012"]
[Black "atalz0"]
[Result "1-0"]
[WhiteElo "2618"]
[BlackElo "2467"]
[TimeControl "180+1"]
[EndTime "9:08:55 PST"]
[Termination "YurasovMat-2012 won on time"]

1. e4 d5 2. exd5 Nf6 3. Nf3 Nxd5 4. d4 Bg4 5. Be2 Nc6 6. O-O e6 7. c4 Nb6 8. Nc3 Be7 9. h3 Bh5 10. Be3 Bxf3 11. Bxf3 Nxc4 12. Bxc6+ bxc6 13. Qa4 Nb6 14. Qxc6+ Qd7 15. Qxd7+ Kxd7 16. Rac1 Rhb8 17. b3 Bd6 18. Rfd1 Nd5 19. Ne4 a5 20. Rc4 a4 21. Rb1 axb3 22. axb3 Ra3 23. Nd2 Bb4 24. Nf3 f6 25. g4 Bd6 26.
Nd2 Ra2 27. Ne4 Ra3 28. Nd2 Ra2 29.
Rd1 Rba8 30. Ne4 Rb2 31. Rd3 Ra1+ 32. Kg2 Raa2 33. Kf3 f5 34. gxf5 exf5 35. Nc5+ Bxc5 36. dxc5 Kc6 37. Bd4 Rc2 38. Rxc2 Rxc2 39. Bxg7 Kxc5 40. Bf8+ Kc6 41. Bg7 Rc1 42. Be5 Rb1 43. Kg3 Rg1+ 44. Kh4 Rg2 45. Rf3 Ne7 46. Kh5 1-0

[Event "Early-Titled-Tuesday-Blitz-January-30-2024"]
[Site "Chess.com"]
[Date "2024.01.30"]
[Round "6"]
[White "Muslim_player_05"]
[Black "Veleamater"]
[Result "1-0"]
[WhiteElo "2505"]
[BlackElo "2326"]
[TimeControl "180+1"]
[EndTime "9:08:55 PST"]
[Termination "Muslim_player_05 won on time"]

1. d4 d6 2. e4 g6 3. c4 Bg7 4. Nc3 Nf6 5. f3 O-O 6. Be3 Nc6 7. Qd2 e5 8. d5 Nd4 9. Nge2 c5 10.
dxc6 bxc6 11. Nxd4 exd4 12. Bxd4 Re8 13. Be2 Be6 14. O-O Qa5 15. Rfd1 d5 16. cxd5 cxd5 17.
e5 Nd7 18. f4 Rab8 19. b3 h5 20. Bf3 Rbc8 21. Nxd5 Qxd2 22. Rxd2 g5 23. g3 g4 24. Bg2 h4 25. Rad1 h3 26. Bh1 Bf8 27.
Bxa7 Bc5+ 28. Bxc5 Rxc5 29. Ne3 Nb6 30. Rd6 Nc8 31.
Rc6 Rxc6 32. Bxc6 Rf8 33. f5 Ne7 34. Bd7 Bxd7 35. Rxd7 Re8 36. Nxg4 Kf8 37. Nh6 Rc8 38.
f6 Rc1+ 39. Kf2 Rc2+ 40. Kf3 Rc3+ 41. Ke4 Nc6 42. Rxf7+ Ke8 43. e6 Rc1 44. Rc7 Re1+ 45. Kf5 1-0

[Event "Early-Titled-Tuesday-Blitz-January-30-2024"]
[Site "Chess.com"]
[Date "2024.01.30"]
[Round "6"]
[White "elgrona"]
[Black "vesalhamedinia"]
[Result "1-0"]
[WhiteElo "2342"]
[BlackElo "2485"]
[TimeControl "180+1"]
[EndTime "9:08:55 PST"]
[Termination "elgrona won by checkmate"]

1. Nf3 d5 2. b3 Nf6 3. Bb2 c6 4. e3 Bf5 5. Nh4 Bg4 6. f3 Bh5 7. g4 Bg6 8. Bg2 Nbd7 9. O-O e6 10. Nc3 Bd6 11. f4 Nc5 12. d3 Nfd7 13. Qe1 Be7 14.
Nxg6 hxg6 15. d4 Na6 16. e4 Qb6 17. Na4 Qc7 18. c4 dxe4 19. Qxe4 Nf6 20. Qf3 O-O-O 21. a3 Rh4 22. h3 Rhh8 23. b4 Nd7 24. b5 Nab8 25.
Rac1 Bf6 26. Rfd1 Nb6 27. Nc5 g5 28. fxg5 Bxg5 29. Rc2 Bf4 30. bxc6 Nxc6 31. d5 exd5 32. cxd5 Ne5 33. Qe4 Ng6 34. Ne6 fxe6 35. Rxc7+ Bxc7 36. Qxe6+ Kb8 37. Qxg6 Nc4 38. d6 Bb6+ 39. Kh1 Nxb2 40. Qxg7 Nxd1 41. Qxb7# 1-0

[Event "Early-Titled-Tuesday-Blitz-January-30-2024"]
[Site "Chess.com"]
[Date "2024.01.30"]
[Round "6"]
[White "Quattroporte300"]
[Black "SujanaLohani"]
[Result "0-1"]
[WhiteElo "2382"]
[BlackElo "2015"]
[TimeControl "180+1"]
[EndTime "9:08:55 PST"]
[Termination "SujanaLohani won by resignation"]

1. e4 c5 2. Nc3 Nc6 3. Bb5 Nd4 4. Bc4 e6 5. Nge2 Nf6 6. O-O Be7 7. d3 O-O 8. f4 d5 9. exd5 exd5 10. Bb3 Bg4 11. h3 Bxe2 12. Nxe2 Nxb3 13. axb3 d4 14. Qe1 Nd5 15.
Qf2 Re8 16. Ng3 Bh4 17. Qf3 Ne3 18. Re1 Nxc2 19. Rxe8+ Qxe8 20. Rb1 Qe1+ 21. Kh2 Rb8 22. Nf5 Bf2 23. Be3 Qxb1 24. Bxf2 Qxb2 25. Qg4 g6 26.
Ne7+ Kf8 27. Bh4 Ne3 28. Qf3 Re8 29. Qe4 f5 30. Qxb7 Qxg2+ 31. Qxg2 Nxg2 32. Kxg2 Rxe7 33. Bxe7+ Kxe7 34. Kf2 Kd6 35. h4 Kc6 36. Ke2 Kb5 37. Kd2 Kb4 38. Kc2 Ka3 39. Kd2 Kxb3 0-1

[Event "Early-Titled-Tuesday-Blitz-January-30-2024"]
[Site "Chess.com"]
[Date "2024.01.30"]
[Round "6"]
[White "ChessSkool"]
[Black "Grandelicious"]
[Result "0-1"]
[WhiteElo "2690"]
[BlackElo "2911"]
[TimeControl "180+1"]
[EndTime "9:08:56 PST"]
[Termination "Grandelicious won on time"]

1. d4 Nf6 2. Nf3 g6 3. Bf4 Bg7 4. e3 c5 5. c3 Qb6 6. Qb3 cxd4 7.
Qxb6 axb6 8. exd4 Nc6 9. Na3 d6 10. Bc4 O-O 11. O-O Na5 12. Bb5 Nd5 13. Bd2 Bg4 14.
Ng5 Nc7 15. Bd3 Bd7 16. Rfe1 Rfe8 17. b4 Nc6 18. Nc4 b5 19. Nb6 Rad8 20. a4 bxa4 21.
Nxd7 Rxd7 22. b5 Na5 23. Rxa4 b6 24. Rb1 e5 25. c4 h6 26. Bxa5 bxa5 27. Ne4 f5 28. Nd2 e4 29. Bf1 Bxd4 30. Nb3 Bb6 31. Nxa5 f4 32. Nc6 Ne6 33. Ra6 Rb7 34. Rd1 e3 35. fxe3 fxe3 36. Be2 Nf4 37. Kf1 Rf8 38. Rxb6 Rxb6 39. Rxd6 Rb7 40. g3 Nd3+ 41. Kg1 Nc5 42. Rxg6+ Kh7 43. Rd6 Rf2 44. Bg4 Rbf7 0-1

[Event "Early-Titled-Tuesday-Blitz-January-30-2024"]
[Site "Chess.com"]
[Date "2024.01.30"]
[Round "6"]
[White "ural58"]
[Black "WiktoriaPOL"]
[Result "1-0"]
[WhiteElo "2448"]
[BlackElo "2246"]
[TimeControl "180+1"]
[EndTime "9:08:56 PST"]
[Termination "ural58 won on time"]

1. e4 c5 2. b3 d6 3. Bb2 e5 4. f4 Nc6 5. Bb5 exf4 6. Qf3 Qh4+ 7. g3 fxg3 8. hxg3 Qg5 9. Ne2 Bg4 10. Qf4 Qxf4 11.
gxf4 O-O-O 12. Bxc6 bxc6 13. Nbc3 d5 14. d3 h5 15. Kf2 Nf6 16. e5 Ng8 17. Rag1 Nh6 18. Ng3 g6 19. Na4 d4 20. Ba3 Nf5 21. Nxf5 Bxf5 22.
Bxc5 Bh6 23. Kg3 Kb7 24. Be7 Rde8 25. Bf6 Rh7 26. Nc5+ Kb6 27. b4 Bf8 28. Rb1 Be7 29. Bxe7 Rxe7 30. Nb3 Rd7 31. a4 Rd5 32. Nd2 g5 33.
fxg5 Bg4 34. Rhf1 Be2 35. Rf6 Rg7 36. b5 Rxg5+ 37. Kf2 Rdxe5 38. Rxc6+ Kb7 39. Rf6 Bg4 40. Rxf7+ Kb8 41. Ne4 Ref5+ 42. Rxf5 Rxf5+ 43. Kg3 Rf3+ 44. Kh4 Rh3+ 45. Kg5 Rf3 46. Rb4 Rf5+ 47. Kh4 Rd5 48. Nf6 Rd6 49. Nxg4 hxg4 50. Kxg4 Kb7 51. Kf4 Kb6 52.
Ke4 Ka5 53. Rxd4 Re6+ 54. Kd5 Re8 55. Rc4 Rd8+ 56. Ke4 Re8+ 57. Kd4 Rd8+ 58. Kc3 Rd7 59. Kb3 Rg7 60. Rc6 1-0

[Event "Early-Titled-Tuesday-Blitz-January-30-2024"]
[Site "Chess.com"]
[Date "2024.01.30"]
[Round "6"]
[White "Hasangatin_Ramil"]
[Black "CristianS27"]
[Result "0-1"]
[WhiteElo "2686"]
[BlackElo "2565"]
[TimeControl "180+1"]
[EndTime "9:08:57 PST"]
[Termination "CristianS27 won on time"]

1. e4 e5 2. Nf3 Nc6 3. Bb5 a6 4.
Ba4 Nf6 5. Bxc6 dxc6 6. d3 Bd6 7. Bg5 h6 8. Bh4 Be6 9. Nbd2 g5 10. Bg3 Nd7 11. Qe2 Qe7 12. Nc4 Bxc4 13. dxc4 f6 14. O-O-O O-O-O 15. Nd2 h5 16. h4 g4 17. Nf1 Nc5 18. f3 Rhg8 19. Ne3 gxf3 20. Qxf3 Nxe4 21. Qxe4 Qe6 22. Qf5 Kd7 23. Rh3 Qxf5 24. Nxf5 Ke6 25. Rf1 Rg4 26. b3 Ba3+ 27. Kb1 Rd2 28. Rh2 Re4 29.
Ng7+ Kf7 30. Nxh5 Ree2 31. Nxf6 Ke6 32. Ng4 Rxc2 33. Bxe5 Rxa2 34. h5 Rxg2 35. h6 Rxh2 36. Bxh2 Rb2+ 37. Ka1 Rxb3 38. Ka2 Rh3 39. Rf2 Bc5 40.
Rg2 Bd4 41. Bxc7 b5 42. Bd8 b4 43. Ba5 b3+ 44. Kb1 Rh1+ 0-1

[Event "Early-Titled-Tuesday-Blitz-January-30-2024"]
[Site "Chess.com"]
[Date "2024.01.30"]
[Round "6"]
[White "MITerryble"]
[Black "GMWSO"]
[Result "0-1"]
[WhiteElo "2987"]
[BlackElo "3148"]
[TimeControl "180+1"]
[EndTime "9:08:58 PST"]
[Termination "GMWSO won on time"]

1. d4 Nf6 2. Bg5 Ne4 3. Bf4 c5 4. f3 Qa5+ 5. c3 Nf6 6. d5 e6 7. e4 exd5 8. exd5 d6 9. Na3 Be7 10. Nc4 Qc7 11. a4 O-O 12. Ne2 Re8 13. Kf2 Nh5 14.
Be3 b6 15. g4 Bh4+ 16. Ng3 Nf6 17. g5 Nh5 18. Kg2 Rxe3 19. Nxe3 Nf4+ 20. Kf2 Nd7 21. Nf5 Bxg5 22. h4 Bf6 23. Qd2 Be5 24. Rg1 Qd8 25. Ne2 Nxe2 26. Bxe2 g6 27. Qh6 Nf8 28.
Bd3 Bxf5 29. Bxf5 Qf6 30. Qg5 Qxg5 31. Rxg5 Bf6 32. Rg2 Bxh4+ 33. Kf1 Re8 34. Bg4 Kh8 35. Re2 Rb8 36. Bh3 Kg7 37. Kg2 h5 38. Re4 Bf6 39.
Rae1 g5 40. Re8 Rxe8 41. Rxe8 Ng6 42. Bf5 Nh4+ 43. Kf2 Nxf5 44. Ra8 a5 45. Rb8 h4 0-1

[Event "Early-Titled-Tuesday-Blitz-January-30-2024"]
[Site "Chess.com"]
[Date "2024.01.30"]
[Round "6"]
[White "bardiya_Daneshvar"]
[Black "CarlosjPineror"]
[Result "1-0"]
[WhiteElo "2915"]
[BlackElo "2667"]
[TimeControl "180+1"]
[EndTime "9:08:58 PST"]
[Termination "bardiya_Daneshvar won by resignation"]

1. d4 Nf6 2. c4 e6 3. Nc3 Bb4 4. Qc2 d5 5. cxd5 exd5 6. Bg5 h6 7. Bh4 c6 8. e3 Be7 9. Bd3 O-O 10. Nf3 Nbd7 11. h3 Re8 12. Bg3 Nf8 13. O-O Bd6 14. Ne5 Nh5 15. Bh2 f6 16. Ng6 Bxh2+ 17. Kxh2 Qd6+ 18.
Kg1 f5 19. Ne5 g6 20. f4 Nf6 21. Rab1 Ne4 22. b4 a6 23. Na4 h5 24. Nc5 Kg7 25. a4 Ne6 26. Bxe4 dxe4 27. Rfd1 Nc7 28. Nc4 Qe7 29. Nb6 Rb8 30. d5 Nxd5 31. Nxd5 cxd5 32. Rxd5 Be6 33. Rd4 Red8 34. Rbd1 Bf7 35. a5 Rxd4 36. Rxd4 Rd8 37. Rxd8 Qxd8 38. Nxb7 Qh4 39. Qc3+ Qf6 40.
Qxf6+ Kxf6 41. Nc5 Bc4 42. h4 Ke7 43. Kf2 Kd6 44. Ke1 Kc6 45. Kd2 Kb5 46. Kc3 Bf7 47. Nd7 Be8 48. Nc5 Bf7 49. Nb7 Be6 50. g3 Kc6 51. Nc5 Bc8 52. Kc4 Kc7 53. Kd5 1-0

[Event "Early-Titled-Tuesday-Blitz-January-30-2024"]
[Site "Chess.com"]
[Date "2024.01.30"]
[Round "6"]
[White "xamax2000"]
[Black "Chernobay_Artem"]
[Result "0-1"]
[WhiteElo "2850"]
[BlackElo "2638"]
[TimeControl "180+1"]
[EndTime "9:08:58 PST"]
[Termination "Chernobay_Artem won by resignation"]

1. Nf3 Nf6 2. c4 g6 3. Nc3 Bg7 4. e4 d6 5. d4 O-O 6. Be2 e5 7. d5 a5 8. Be3 Na6 9. Nd2 Kh8 10.
g4 Nd7 11. h4 f5 12. gxf5 gxf5 13. exf5 Ndc5 14. Nde4 Bxf5 15. Nxc5 Nxc5 16. Qd2 Qf6 17. O-O-O e4 18. h5 Qe7 19. Rdg1 Be5 20. Rg5 a4 21. Rhg1 a3 22. b3 Qf6 23. Kc2 Nd3 24. Nxe4 Nxf2 25. Bxf2 Bxe4+ 26. Bd3 Bxd3+ 27. Kxd3 Qxf2 28. Rg8+ Rxg8 29. Rxg8+ Rxg8 30. Qxf2 Rg3+ 31. Ke4 Kg7 32. Kf5 Kf7 33. Ke4+ Kg7 34. c5 Rg4+ 35. Kf5 Rf4+ 36. Qxf4 Bxf4 37. Kxf4 dxc5 38. Ke5 b5 39. Ke4 Kf6 40. Kf4 h6 41. Ke4 Ke7 42. Ke5 Kd7 43. Kf5 c4 44. Kg6 0-1

[Event "Early-Titled-Tuesday-Blitz-January-30-2024"]
[Site "Chess.com"]
[Date "2024.01.30"]
[Round "6"]
[White "Sethu0025"]
[Black "vladgoncharov"]
[Result "1-0"]
[WhiteElo "2863"]
[BlackElo "2646"]
[TimeControl "180+1"]
[EndTime "9:08:59 PST"]
[Termination "Sethu0025 won by resignation"]

1. d4 Nf6 2. c4 e6 3. Nf3 Bb4+ 4.
Nc3 O-O 5. Bg5 c5 6. Rc1 cxd4 7. Nxd4 e5 8. Nf3 Nc6 9. e3 h6 10. Bh4 d6 11. Be2 Be6 12. O-O Bxc3 13. Rxc3 Qe7 14. Nd2 d5 15. cxd5 Bxd5 16. a3 Rad8 17. Qc2 Rfe8 18. Rd1 g5 19. Bg3 Rd7 20. f3 Red8 21.
Nc4 Bxc4 22. Rxd7 Qxd7 23. Rxc4 Qd2 24. Bf2 Qxc2 25. Rxc2 e4 26. b4 exf3 27. gxf3 Ne5 28. Bg3 Ng6 29. Kf2 Rd7 30. Bb5 Re7 31. Bd6 Re6 32.
Rc8+ Kg7 33. Bc5 Ne5 34. Bd4 a6 35. Be2 Nc6 36. Bc3 h5 37. Rc7 b5 38. e4 Ne5 39. Rc5 Neg4+ 40. fxg4 Rxe4 41. Rxg5+ Kf8 42. Bxf6 Rf4+ 43. Bf3 Rxf6 44. Rxh5 1-0

[Event "Early-Titled-Tuesday-Blitz-January-30-2024"]
[Site "Chess.com"]
[Date "2024.01.30"]
[Round "6"]
[White "santosalberto1987"]
[Black "NewYearGirl"]
[Result "1-0"]
[WhiteElo "2527"]
[BlackElo "2360"]
[TimeControl "180+1"]
[EndTime "9:08:59 PST"]
[Termination "santosalberto1987 won by resignation"]

1. e4 c5 2. Nf3 d6 3. Bb5+ Bd7 4. c4 g6 5. Bxd7+ Qxd7 6. d4 cxd4 7. Nxd4 Nc6 8. Nc3 Nxd4 9. Qxd4 Nf6 10. Bg5 Bg7 11. Nd5 O-O 12. Nxf6+ exf6 13. Bxf6 Bxf6 14. Qxf6 Rfe8 15. f3 d5 16. cxd5 Qxd5 17. O-O Qd2 18. Rfd1 Qe3+ 19. Kh1 Rac8 20. h3 Rc6 21. Qd4 Qxd4 22.
Rxd4 Rc2 23. b3 Rec8 24. Rd7 Re2 25. Rxb7 Rcc2 26. Rg1 Rxa2 27. Kh2 Reb2 28. h4 h5 29. Kg3 Ra3 30. Kf4 Rbxb3 31. Rxb3 Rxb3 32. Ra1 Rb7 33. g4 hxg4 34. fxg4 Kg7 35. g5 f6 36. Ra6 fxg5+ 37. hxg5 Rf7+ 38. Ke5 Rb7 39. Ke6 Rb6+ 40. Rxb6 axb6 41.
Kd6 b5 42. Kc5 Kf7 43. Kxb5 Ke6 44. Kc4 Ke5 45. Kd3 Kf4 46. Kd4 Kxg5 47. e5 Kf5 48. Kd5 g5 49. e6 g4 50. e7 g3 51.
e8=Q Kg4 52. Qe1 g2 53. Qg1 Kf3 54. Kd4 1-0

[Event "Early-Titled-Tuesday-Blitz-January-30-2024"]
[Site "Chess.com"]
[Date "2024.01.30"]
[Round "6"]
[White "1977Ivan"]
[Black "OparinGrigoriy"]
[Result "1-0"]
[WhiteElo "2815"]
[BlackElo "2993"]
[TimeControl "180+1"]
[EndTime "9:09:01 PST"]
[Termination "1977Ivan won by resignation"]

1. d4 Nf6 2. c4 e6 3. Nc3 Bb4 4. Qc2 b6 5. Bg5 Bb7 6. e3 h6 7. Bh4 g5 8. Bg3 Ne4 9. Ne2 c5 10. O-O-O Nxg3 11. hxg3 cxd4 12. Nxd4 Na6 13. a3 Be7 14. f4 Rc8 15. Be2 Kf8 16. Kb1 Nc5 17.
Bf3 Bxf3 18. gxf3 Kg7 19. Rh5 Nb7 20. Ne4 d5 21. fxg5 Rxc4 22. gxh6+ Kf8 23. Nc3 Bf6 24. Nde2 Nd6 25. Qd3 Bxc3 26. Nxc3 Qf6 27. e4 Qg6 28.
g4 Rxh6 29. Rxh6 Qxh6 30. exd5 e5 31. Qe2 Qg6+ 32. Ka1 Rd4 33. Qxe5 Rxd1+ 34. Nxd1 Kg8 35. Nc3 Nc4 36. Qe8+ Kg7 37. Qe4 Nd6 38. Qxg6+ Kxg6 39. Ne4 Nc4 40. d6 Ne5 41. f4 Nd7 42. f5+ Kg7 43.
g5 Kf8 44. b4 Ne5 45. Kb2 Ke8 46. Kc3 Kd7 47. Kd4 Ng4 48. Kd5 Ne3+ 49. Ke5 Ng4+ 50. Kf4 Nh2 51. g6 fxg6 52. fxg6 Nf1 53. g7 1-0

[Event "Early-Titled-Tuesday-Blitz-January-30-2024"]
[Site "Chess.com"]
[Date "2024.01.30"]
[Round "6"]
[White "MatthewG-p4p"]
[Black "zverr1"]
[Result "1-0"]
[WhiteElo "2872"]
[BlackElo "2568"]
[TimeControl "180+1"]
[EndTime "9:09:02 PST"]
[Termination "MatthewG-p4p won by checkmate"]

1. e4 c5 2. c3 g6 3. d4 cxd4 4. cxd4 d5 5. Nc3 dxe4 6. Bc4 Nc6 7. Nge2 Nf6 8. Qb3 e6 9. d5 exd5 10. Nxd5 Nxd5 11. Bxd5 Bb4+ 12. Nc3 Qe7 13. O-O O-O 14. Nxe4 Kg7 15. Qe3 Qh4 16. Bxc6 bxc6 17. Qd4+ f6 18. Qxb4 Bf5 19. Qb7+ Kh8 20. Ng3 Be6 21. Be3 Bd5 22. Bc5 Rfe8 23. Rfe1 Qf4 24. Be3 Qc4 25. Qc7 Rac8 26.
Qf4 Qxf4 27. Bxf4 Kg7 28. b3 f5 29. Be5+ Kf7 30. Bd4 h5 31. Rxe8 Rxe8 32. Bxa7 h4 33. Nf1 Ra8 34. Bd4 Bxb3 35. axb3 Rxa1 36. Bxa1 Ke6 37. Ne3 c5 38. f4 Kd6 39. Nc4+ Kc6 40. Bc3 Kb5 41. Kf2 Kc6 42. Ne5+ Kd5 43. Nxg6 Ke4 44. Nxh4 c4 45. bxc4 Kd3 46. c5 Kxc3 47. c6 Kd4 48. c7 Ke4 49. c8=Q Kd4 50. Nxf5+ Ke4 51. Ng3+ Kxf4 52. Qf5# 1-0

[Event "Early-Titled-Tuesday-Blitz-January-30-2024"]
[Site "Chess.com"]
[Date "2024.01.30"]
[Round "6"]
[White "sjoerd893"]
[Black "Ginger_GM"]
[Result "0-1"]
[WhiteElo "2504"]
[BlackElo "2685"]
[TimeControl "180+1"]
[EndTime "9:09:02 PST"]
[Termination "Ginger_GM won by resignation"]

1. e4 g6 2. d4 Bg7 3. Nc3 d6 4. Be3 a6 5. Qd2 b5 6. O-O-O Nf6 7. f3 h5 8. Kb1 Nc6 9. h4 b4 10. Nce2 a5 11. Nh3 Bxh3 12. Rxh3 a4 13. Nf4 O-O 14. d5 Ne5 15. Qxb4 c5 16. dxc6 Nxc6 17. Qd2 Rb8 18.
c3 Qa5 19. Rc1 Rb7 20. Nd5 Rfb8 21. Rc2 Nxd5 22. exd5 Ne5 23. Bd4 Qxd5 24. f4 Nc4 25. Bxc4 Qxc4 26. Bxg7 Qf1+ 27. Qc1 Qxc1+ 28. Kxc1 Kxg7 29.
Re3 e6 30. Re4 a3 31. b3 Ra8 32. Rd4 d5 33. c4 dxc4 34. Rcxc4 Rxb3 35. axb3 a2 36. Ra4 a1=Q+ 37. Rxa1 Rxa1+ 38. Kb2 Rg1 39. Rd2 Rf1 40.
g3 Rf3 41. Rg2 Kf6 42. b4 Ke7 43. b5 Kd6 44. Rc2 Rd3 45. b6 Rd5 46. Kc3 Rc5+ 47.
Kd3 Rxc2 48. Kxc2 Kc6 49. Kd3 Kxb6 50. Ke4 f6 51. g4 hxg4 52. f5 exf5+ 0-1

[Event "Early-Titled-Tuesday-Blitz-January-30-2024"]
[Site "Chess.com"]
[Date "2024.01.30"]
[Round "6"]
[White "VitaliyChayka"]
[Black "NovozhilovSemen"]
[Result "0-1"]
[WhiteElo "2431"]
[BlackElo "2662"]
[TimeControl "180+1"]
[EndTime "9:09:03 PST"]
[Termination "NovozhilovSemen won on time"]

1. d4 Nf6 2. Bf4 g6 3. e3 Bg7 4.
h3 O-O 5. Nf3 d6 6. Be2 b6 7.
O-O Bb7 8. a4 a6 9. c3 Nbd7 10.
Nbd2 e6 11. Bh2 Qe7 12. Qb3 Rab8 13. Qa3 Rfd8 14. Rfd1 Bf8 15. Rac1 Rbc8 16. a5 b5 17. c4 bxc4 18. Nxc4 d5 19. Qxe7 Bxe7 20. Nce5 c5 21. dxc5 Nxc5 22. Nd4 Nfe4 23. b4 Na4 24. Nec6 Bf8 25.
Nxd8 Rxd8 26. Bf1 Nec3 27. Rd3 Bxb4 28. Nb3 f6 29. Rd4 Bf8 30. Ra1 Bc6 31. Bxa6 e5 32.
Rd2 Rb8 33. Nc1 Ra8 34. Bd3 Rxa5 35. Bc2 Ra8 36. Nd3 Rc8 37. Nb4 Bxb4 38. Bb3 Kg7 39. Bg3 Bb5 40. Kh2 Nc5 41. Bxd5 Rd8 42. Ra7+ Kh6 43. Bg8 Rxg8 44. Rb2 Nd5 45. e4 Nxe4 46.
Rb7 Bc6 0-1

[Event "Early-Titled-Tuesday-Blitz-January-30-2024"]
[Site "Chess.com"]
[Date "2024.01.30"]
[Round "6"]
[White "vlad10898"]
[Black "sonicdravise"]
[Result "1-0"]
[WhiteElo "2817"]
[BlackElo "2614"]
[TimeControl "180+1"]
[EndTime "9:09:03 PST"]
[Termination "vlad10898 won by resignation"]

1. d4 Nf6 2. Nf3 c5 3. d5 b5 4.
Bg5 g6 5. Bxf6 exf6 6. e4 b4 7. Nbd2 d6 8. Bd3 Bg7 9. a3 O-O 10. axb4 cxb4 11. O-O Nd7 12. Nc4 Nc5 13. Nd4 f5 14. Nc6 Qc7 15. exf5 Nxd3 16. Qxd3 Bxf5 17. Qd2 a5 18. Rxa5 Rxa5 19. N4xa5 Bxb2 20. Qxb4 Bf6 21. c4 Re8 22. Qb7 Qxb7 23. Nxb7 Bd3 24. Nxd6 Ra8 25. g3 Bxf1 26. Kxf1 Ra4 27. Ke2 Kf8 28. Ne4 Bg7 29. Kd3 f5 30. Nc5 Ra3+ 31. Kd2 Ra2+ 32. Ke3 Ra3+ 33.
Kf4 Kf7 34. Ne6 Bf6 35. h4 h6 36. Ne5+ Bxe5+ 37. Kxe5 Rf3 38. c5 Rxf2 39. Kd6 Rf3 40. c6 Rxg3 41. c7 Rc3 42. Nc5 Rxc5 43. Kxc5 f4 44. c8=Q 1-0

[Event "Early-Titled-Tuesday-Blitz-January-30-2024"]
[Site "Chess.com"]
[Date "2024.01.30"]
[Round "6"]
[White "Mohamed-almado"]
[Black "HanSchut"]
[Result "0-1"]
[WhiteElo "1571"]
[BlackElo "2263"]
[TimeControl "180+1"]
[EndTime "9:09:03 PST"]
[Termination "HanSchut won by checkmate"]

1. d4 Nf6 2. c4 g6 3. Nc3 d5 4.
Bf4 Bg7 5. e3 O-O 6. c5 b6 7. b4 a5 8. a3 axb4 9. axb4 Rxa1 10.
Qxa1 Nh5 11. Bg5 h6 12. Bh4 g5 13. Qd1 Nf6 14. Bg3 bxc5 15. bxc5 Nc6 16. Bd3 e5 17.
dxe5 Ng4 18. Nxd5 Ngxe5 19. Bc2 Be6 20. e4 Nd4 21. Ne2 Nxc2+ 22. Qxc2 Bxd5 23. exd5 Qxd5 24. O-O Rd8 25. f4 Ng4 26. Qc1 Bd4+ 27. Nxd4 Qxd4+ 28. Kh1 Ne3 29. fxg5 Nxf1 30. Qxf1 Qd1 31. Kg1 Qxf1+ 32.
Kxf1 Rd7 33. Ke2 hxg5 34. Ke3 f5 35. h3 f4+ 36. Bxf4 gxf4+ 37. Kxf4 Rd5 38. g4 Rxc5 39.
h4 Kg7 40. h5 Kh6 41. Kg3 Rg5 42. Kf4 c5 43. Ke4 Rxg4+ 44. Kd3 c4+ 45. Kc3 Kxh5 46. Kc2 Kg5 47. Kc3 Kf5 48. Kc2 Ke5 49. Kd2 Kd5 50. Kc2 Kd4 51. Kb2 Rg2+ 52. Ka1 Kc3 53. Kb1 Rf2 54.
Ka1 Kb3 55. Kb1 Rf1# 0-1

[Event "Early-Titled-Tuesday-Blitz-January-30-2024"]
[Site "Chess.com"]
[Date "2024.01.30"]
[Round "6"]
[White "FGHSMN"]
[Black "AsterPhoenix"]
[Result "1-0"]
[WhiteElo "2900"]
[BlackElo "2610"]
[TimeControl "180+1"]
[EndTime "9:09:05 PST"]
[Termination "FGHSMN won on time"]

1. b3 e5 2. Bb2 Nc6 3. c4 g6 4.
e3 Bg7 5. Nf3 d6 6. Nc3 Nf6 7.
Be2 O-O 8. d3 h6 9. O-O Re8 10. a3 a5 11. Qc2 Bf5 12. Rfd1 Qc8 13. Nd5 Ne7 14. Rac1 Qd8 15. Nxf6+ Bxf6 16. Nd2 Bg7 17.
Ne4 h5 18. b4 axb4 19. axb4 h4 20. Bf3 Qc8 21. Qe2 Bd7 22. Ra1 Rxa1 23. Rxa1 b6 24.
Nc3 Bc6 25. Nd5 Nxd5 26. cxd5 Bb5 27. Qc2 h3 28. g3 f5 29. e4 Rf8 30. Be2 f4 31. f3 fxg3 32. hxg3 Bh6 33. Bc1 Bxc1 34. Rxc1 Rf7 35. Kh2 Kg7 36. Qd2 Qa6 37. Kxh3 Qa3 38. Kg2 Qb3 39. Rh1 Kg8 40. Qh6 Rg7 41. Qd2 Rh7 42.
Rh6 Kg7 43. Rxh7+ Kxh7 44. Qc1 Qxb4 45. Qxc7+ Kh6 46. Qxb6 Qd2 47. Kf2 1-0